 Dungeon Crawl Stone Soup version 0.20-a0-454-g2b43fbb (webtiles) character file.

550 HarryHood the Skirmisher (level 7, -1/47 HPs)
             Began as a Gargoyle Berserker on Jan 10, 2017.
             Was a Priest of Trog.
             Slain by a hippogriff (5 damage)
             ... on level 5 of the Dungeon.
             The game lasted 00:13:48 (3202 turns).

HarryHood the Skirmisher (Gargoyle Berserker)       Turns: 3202, Time: 00:13:48

Health: -1/47      AC: 16    Str: 21    XL:     7   Next: 29%
Magic:  7/7        EV:  8    Int:  7    God:    Trog [***...]
Gold:   147        SH:  0    Dex: 11    Spells: 6/6 levels left

rFire  + . .     SeeInvis .     a - +0 flail
rCold  . . .     Gourm    +     e - +1 chain mail
rNeg   + . .     Faith    .     (no shield)
rPois  ∞         Spirit   .     k - +0 helmet
rElec  +         Reflect  .     (no cloak)
rCorr  .         Harm     .     (no gloves)
MR     .....                    (no boots)
Stlth  ..........               i - amulet of the gourmand
                                (no ring)
                                m - ring of protection from fire

@: exhausted, slowed, very slow
A: negative energy resistance 1, electricity resistance, unbreathing,
petrification resistance, rot immunity, AC +4
a: Berserk, Trog's Hand, Burn Spellbooks, Renounce Religion


You were on level 5 of the Dungeon.
You worshipped Trog.
Trog was most pleased with you.
You were very full.

You visited 1 branch of the dungeon, and saw 5 of its levels.

You collected 147 gold pieces.

Inventory:

Hand Weapons
 a - a +0 flail (weapon)
 b - a +0 hunting sling
Missiles
 q - 73 stones (quivered)
Armour
 e - a +1 chain mail (worn)
 k - a +0 helmet (worn)
Jewellery
 i - an amulet of the gourmand (around neck)
 m - a ring of protection from fire (left hand)
Potions
 d - 2 potions of ambrosia
 g - a potion of flight
 h - 3 potions of magic
 n - 2 potions of mutation {!q}
 p - a potion of berserk rage
Comestibles
 c - 4 bread rations {@e1}
 f - a slice of pizza {@e2}
 j - 2 meat rations {@e1}
 o - a fruit {@e2}


   Skills:
 - Level 6.3 Fighting
 - Level 6.1 Maces & Flails
 * Level 2.9 Armour
 - Level 1.5 Dodging


You had 6 spell levels left.
You didn't know any spells.

Dungeon Overview and Level Annotations

Branches:
Dungeon (5/15)
 Temple: D:4-7

Altars:
Cheibriados
Dithmenos
Elyvilon
Fedhas
Kikubaaqudgha
Trog
Vehumet


Innate Abilities, Weirdness & Mutations

You are resistant to torment.
Your stone body is resilient. (AC +4)
You are immune to poison.
You resist negative energy. (rN+)
You are resistant to electric shocks. (rElec)
You can survive without breathing.
You are immune to petrification.
You are immune to rotting.


Message History

You closely miss the hippogriff. The orc barely misses you.
The giant cockroach bites you.
* * * LOW HITPOINT WARNING * * *
The orc wizard hits you but does no damage.
The hippogriff bites you.
* * * LOW HITPOINT WARNING * * *
The hippogriff pecks you but does no damage.
The hippogriff claws you.
* * * LOW HITPOINT WARNING * * *
The giant cockroach barely misses you.
The quokka twitches its whiskers.
The orc hits you with a falchion.
* * * LOW HITPOINT WARNING * * *
You hit the hippogriff.
The hippogriff is lightly wounded.
The orc wizard gestures at you while chanting.
The puff of flame hits you! You resist.
* * * LOW HITPOINT WARNING * * *
The hippogriff closely misses you. The hippogriff pecks you.
You die...

..........#
.........#
.......#### .
######..#.....( ..
#.........Z# ...
#.....<....# ...
#..........#### ..
#...)......aso#o##...
#..........##@HrZ....
#..........###o####..
#..........# .#
#<.......... ##
#######.....# ###..##
#..#


You could see a hippogriff, a worker ant, an orc wizard, 2 orcs, a quokka, a
giant cockroach and a centaur skeleton.

Vanquished Creatures
  Sigmund (D:5)
  A scorpion (D:4)
  A hound (D:4)
  2 orc priests
  A centaur skeleton (D:4)
  An iguana (D:4)
  An orc wizard (D:5)
  2 worker ants (D:4)
  3 adders
  3 worms
  2 dart slugs
  2 leopard geckos
  6 orcs
  7 bats
  7 giant cockroaches
  11 goblins
  8 hobgoblins
  5 jackals
  A quokka (D:2)
  A ball python (D:1)
  8 frilled lizards
  6 kobolds
  8 rats
88 creatures vanquished.

Vanquished Creatures (others)
  A bat (D:2)
  A kobold (D:3)
2 creatures vanquished.

Grand Total: 90 creatures vanquished

Notes
Turn   | Place    | Note
-------+----------+-------------------------------------------
     0 | D:1      | HarryHood the Gargoyle Berserker began the quest for the Orb.
     0 | D:1      | Reached XP level 1. HP: 14/14 MP: 1/1
    95 | D:1      | Reached XP level 2. HP: 19/20 MP: 2/2
   133 | D:1      | Reached skill level 4 in Fighting
   535 | D:1      | Reached XP level 3. HP: 22/24 MP: 3/3
   590 | D:1      | Reached ** piety under Trog
   898 | D:2      | Reached skill level 5 in Fighting
  1118 | D:2      | Reached XP level 4. HP: 24/31 MP: 4/4
  1587 | D:2      | Found a faded altar of an unknown god.
  1587 | D:2      | Found a blossoming altar of Fedhas.
  1592 | D:2      | Found an ancient bone altar of Kikubaaqudgha.
  1607 | D:2      | Found a faded altar of an unknown god.
  1609 | D:2      | Found a shadowy altar of Dithmenos.
  1812 | D:3      | Found a snail-covered altar of Cheibriados.
  1876 | D:3      | Found a white marble altar of Elyvilon.
  2132 | D:3      | Reached *** piety under Trog
  2193 | D:3      | Found a bloodstained altar of Trog.
  2196 | D:3      | Found a radiant altar of Vehumet.
  2514 | D:4      | Reached skill level 6 in Fighting
  2514 | D:4      | Reached XP level 5. HP: 34/37 MP: 5/5
  2732 | D:4      | Reached skill level 4 in Maces & Flails
  2732 | D:4      | Reached XP level 6. HP: 42/42 MP: 6/6
  3156 | D:4      | Reached skill level 5 in Maces & Flails
  3168 | D:5      | Entered Level 5 of the Dungeon
  3175 | D:5      | Noticed Sigmund
  3184 | D:5      | Killed Sigmund
  3184 | D:5      | Reached skill level 6 in Maces & Flails
  3184 | D:5      | Reached XP level 7. HP: 47/47 MP: 7/7
  3186 | D:5      | Noticed a hippogriff
  3202 | D:5      | HP: 4/47 [orc wizard/puff of flame (3)]
  3202 | D:5      | Slain by a hippogriff

Vault maps used:
D:1:      sevenhm_arrival_forest_fort_small_4, minmay_octomino_e4
D:2:      chequers_temple_overflow_minitemple, lemuel_flame_loot_1
D:3:      elyvilon_altar_4, minitemple, cheibriados_altar_1
D:4:      first_bread, minivault_26, corexii_leaking_fountain, fountainhead
D:5:      uniq_sigmund

Skill      XL: |  1  2  3  4  5  6 |
---------------+-------------------+-----
Fighting       | 4 5 6 |  6.3
Maces & Flails | 4 6 |  6.1
Armour         | |  2.9
Dodging        | |  1.5

Action                   |  1- 3 |  4- 6 |  7- 9 || total
-------------------------+-------+-------+-------++-------
Melee: Mace              |   120 |     3 |       ||   123
       Flail             |       |   142 |    18 ||   160
 Fire: Hunting sling     |       |     8 |       ||     8
Throw: Stone             |       |    11 |       ||    11
Invok: Berserk           |     1 |     1 |       ||     2
  Use: Scroll            |     3 |     9 |       ||    12
  Eat: Chunk             |     2 |    15 |       ||    17
Armor: Animal skin       |    24 |       |       ||    24
       Leather armour    |    32 |    14 |       ||    46
       Chain mail        |       |    77 |    54 ||   131
Dodge: Dodged            |    90 |    69 |    28 ||   187
